AoeStats
← KartaL-tr77

Arena

510604989Analyzed
1v1 RM · 11h ago on Oct 1, 2026· 42m 14s· 2 players
Game mode
Random Map
Map size
Tiny (2 player)
Population
200
Speed
Normal
Resources
Standard
Victory
Conquest
Starting age
Dark Age
Ending age
Imperial Age
RankedLock teamsTeams togetherTeam positionsShared explorationLock speedFull tech treeHidden civsTurbo modeCheats
Victory
Defeat
🇹🇷 Turks · Türkiye
968
+15
🇨🇷 Bohemians · Costa Rica
940
-15
jose.fallasd
10:32 Feudal Age
12:12 Wheelbarrow
15:37 Castle Age
14:18 Double-Bit Axe
14:23 Horse Collar
17:40 Fervor
23:30 Town Watch
27:49 Imperial Age
25:40 Hand Cart
25:45 Fletching
25:58 Padded Archer Armor
26:25 Elite Skirmisher
28:58 Chemistry
28:20 Ballistics
27:56 Murder Holes
29:02 Bow Saw
29:21 Bodkin Arrow
29:43 Leather Archer Armor
29:34 Scale Barding Armor
29:30 Scale Mail Armor
29:40 Forging
30:19 Conscription
29:22 Light Cavalry
30:58 Bracer
31:11 Heavy Plow
31:36 Town Patrol
31:59 Loom
32:18 Pikeman
35:19 Iron Casting
35:00 Chain Mail Armor
36:28 Two-Man Saw
35:16 Halberdier
36:04 Devotion
37:12 Husbandry
37:45 Plate Mail Armor
KartaL-tr77
10:19 Feudal Age
14:27 Castle Age
13:43 Double-Bit Axe
13:42 Horse Collar
17:25 Heavy Plow
19:46 Fortified Wall
24:22 Imperial Age
23:21 Bow Saw
23:12 Fletching
23:22 Gold Mining
24:38 Wheelbarrow
25:02 Town Watch
25:42 Ballistics
26:40 Loom
28:04 Two-Man Saw
28:31 Hand Cart
30:14 Bloodlines
30:35 Bodkin Arrow
31:37 Bracer
31:43 Scale Barding Armor
34:00 Gold Shaft Mining
34:09 Artillery
37:04 Padded Archer Armor
37:24 Chain Barding Armor
41:20 Leather Archer Armor
41:41 Plate Barding Armor
41:17 Forging
Connection lost

Rejoining the realm…

Still unreachable

The connection could not be restored.

Session expired

The server has moved on; the page needs a fresh start.